 Dungeon Crawl Stone Soup version 0.30-b1-2-g02819fbbbe (webtiles) character file.

Game seed: 17953305115252194439

8 Alarkh the Shooter (level 2, 22/22 HPs)
             Began as a Demonspawn Hunter on July 11, 2023.
             Got out of the dungeon alive.
             The game lasted 00:00:18 (207 turns).

Alarkh the Shooter (Demonspawn Hunter)               Turns: 207, Time: 00:00:19

Health: 22/22      AC:  3    Str: 11    XL:     2   Next: 0%
Magic:  2/2        EV: 11    Int: 10    God:
Gold:   39         SH:  4    Dex: 16    Spells: 1/1 levels left

rFire   . . .        a - +0 shortbow
rCold   . . .        (shield currently unavailable)
rNeg    . . .        c - +0 leather armour
rPois   .            (no helmet)
rElec   .            (no cloak)
rCorr   .            (no gloves)
SInv    .            (no boots)
Will    .....        (no amulet)
Stlth   +            (no ring)
HPRegen 0.23/turn    (no ring)
MPRegen 0.08/turn

%: no passive effects
@: no status effects
A: condensation shield
a: no special abilities


You escaped.
You visited 1 branch of the dungeon, and saw 1 of its levels.

You collected 39 gold pieces.

Inventory:

Hand Weapons
 a - a +0 shortbow (weapon)
Armour
 c - a +0 leather armour (worn)
Scrolls
 b - a scroll of immolation
 d - a scroll of enchant weapon {unknown}
 e - a scroll of identify {unknown}


   Skills:
 + Level 2.2 Fighting
 * Level 3.9 Ranged Weapons
 - Level 1.7 Dodging
 - Level 0.8 Stealth


You had one spell level left.
You didn't know any spells.
Your spell library was empty.

Dungeon Overview and Level Annotations

Branches:
Dungeon (1/15)

Altars:

Shops:
D:1 ?


Innate Abilities, Weirdness & Mutations

A meltable shield of frost defends you. (SH +4)


Message History

You shoot an arrow. The arrow hits the goblin!
You kill the goblin!
The bat hits you but does no damage.
You shoot an arrow. The arrow closely misses the kobold.
The bat closely misses you. The kobold closely misses you.
The bat closely misses you.
You shoot an arrow. The arrow hits the kobold.
The kobold is moderately wounded.
The bat hits you. The kobold closely misses you. The kobold barely misses you.
You shoot an arrow. The arrow hits the kobold.
The kobold is severely wounded.
The bat hits you but does no damage. The kobold closely misses you.
You shoot an arrow. The arrow closely misses the kobold.
The bat misses you. The bat closely misses you. The kobold barely misses you.
The bat closely misses you. The kobold misses you.
You shoot an arrow. The arrow hits the kobold!
You kill the kobold!
The bat barely misses you. The bat closely misses you.
The bat hits you but does no damage.
You shoot an arrow.
The arrow hits the bat but does no damage.
The bat barely misses you. The bat hits you but does no damage.
You shoot an arrow. The arrow hits the bat.
You kill the bat!
You have reached level 2!
Your demonic ancestry asserts itself...
Frost condenses into a shield before you.
Search for what [? for help]? ide
Found 10 gold pieces.
Things that are here:
a +0 short sword; a kobold corpse
There is an entrance to Luz Xujoluo's Magic Scroll Shoppe here.
Unknown command.
Things that are here:
a +0 short sword; a kobold corpse
Things that are here:
a +0 short sword; a kobold corpse
There is a staircase leading out of the dungeon here.
Are you sure you want to leave the Dungeon?
This will make you lose the game!
You have escaped!

.... #### #####
##### ##### # #...#
#...# #...# # #.8.#
#.>.# #.>.# #
#...###...###...###
#..................
#.@................
#..................
#...###...###...###
#.8.# #...# #...# #
#...# #...# #...# #
##### ##### ##### #
###### ......


There were no monsters in sight!

Vanquished Creatures
  A bat (D:1)
  2 goblins (D:1)
  4 kobolds (D:1)
7 creatures vanquished.

Notes
Turn   | Place    | Note
-------+----------+-------------------------------------------
     0 | D:1      | Alarkh the Demonspawn Hunter began the quest for the Orb.
     0 | D:1      | Reached XP level 1. HP: 16/16 MP: 1/1
   113 | D:1      | Found Luz Xujoluo's Magic Scroll Shoppe.
   156 | D:1      | Gained mutation: A meltable shield of frost defends you.
                  | (SH +4) [demonic ancestry]
   156 | D:1      | Reached XP level 2. HP: 22/22 MP: 2/2
   207 | D:$      | Got out of the dungeon alive.

Illustrated notes

Levels and vault maps discovered:
D:1:      minmay_arrival_hallway, layout_rooms,
          shapermc_ecumenical_altar_mp_vishouse, serial_shops,
          nicolae_shop_pleasant_corner_grove, minmay_box_of_dots

Action                     || total
---------------------------++-------
   Fire: Shortbow          ||    17
 Armour: Leather armour    ||     5
  Dodge: Dodged            ||    18
